 Dungeon Crawl Stone Soup version 0.23.0 (webtiles) character file.

Game seed: 3155729877617813630

21 MalarOregon the Magician (level 2, -4/19 HPs)
             Began as a Merfolk Wizard on Feb 14, 2019.
             Slain by an adder (5 damage)
             ... on level 1 of the Dungeon.
             The game lasted 00:02:22 (1367 turns).

MalarOregon the Magician (Merfolk Wizard)           Turns: 1367, Time: 00:02:23

Health: -4/19      AC:  3    Str:  7    XL:     2   Next: 87%
Magic:  0/6        EV: 13    Int: 17    God:
Gold:   95         SH:  0    Dex: 12    Spells: 6/7 levels left

rFire    . . .     SeeInvis .   f - +0 short sword
rCold    . . .     Gourm    .   (no shield)
rNeg     . . .     Faith    .   a - +0 robe
rPois    .         Spirit   .   b - +0 hat
rElec    .         Reflect  .   j - +0 cloak
rCorr    .         Harm     .   (no gloves)
MR       .....                  (no boots)
Stlth    ++........             (no amulet)
HPRegen  0.06/turn              (no ring)
MPRegen  0.10/turn              (no ring)

@: very slightly contaminated
A: change form in water, swift swim, stealthy swim
a: no special abilities


You were on level 1 of the Dungeon.
You were very hungry.

You visited 1 branch of the dungeon, and saw 2 of its levels.

You collected 95 gold pieces.

Inventory:

Hand Weapons
 f - a +0 short sword (weapon)
   (You took it off a kobold on level 1 of the Dungeon)
Armour
 a - a +0 robe (worn)
 b - a +0 hat (worn)
 j - a +0 cloak (worn)
   (You found it on level 1 of the Dungeon)
Scrolls
 c - a scroll of blinking {unknown}
 g - a scroll of fog {unknown}
 i - a scroll of identify {unknown}
 k - a scroll of teleportation {unknown}
Potions
 h - a potion of might {unknown}
 l - a potion of degeneration {unknown}
Comestibles
 e - 2 rations {!d}


   Skills:
 - Level 2.6 Dodging
 - Level 2.1 Stealth
 + Level 3.4 Spellcasting
 + Level 1.6 Conjurations
   Level 1.0 Summonings
   Level 0.7 Translocations


You had 6 spell levels left.
You knew the following spells:

 Your Spells              Type           Power        Failure   Level  Hunger
a - Magic Dart            Conj           #...         9%          1    None

Your spell library contained the following spells:

 Spells                   Type           Power        Failure   Level  Hunger
 Call Imp                 Summ           #.......     17%         2    ##.....
 Blink                    Tloc           N/A          19%         2    ##.....
 Slow                     Hex            #.......     26%         2    ##.....
 Conjure Flame            Conj/Fire      #.......     34%         3    ###....
 Mephitic Cloud           Conj/Pois/Air  #.......     38%         3    ###....


Dungeon Overview and Level Annotations

Branches:
Dungeon (2/15)

Altars:
Xom


Message History

You start resting.
You start resting.
You are feeling very hungry.
You start resting.
You climb downwards.
A frilled lizard comes into view.
A bat comes into view.
The adder bites you but does no damage. x2; The bat moves out of view.
There is a stone staircase leading up here.
The adder bites you. x2
You are poisoned.
The adder poisons you!
You climb upwards.
You feel sick.
There is a stone staircase leading down here.
Aim: an adder The magic dart hits the adder.
The adder misses you.
Aim: an adder (moderately wounded)
The magic dart hits the adder.
You feel sick. The adder bites you but does no damage.
Aim: an adder (heavily wounded)
You miscast Magic Dart.
You are very lightly contaminated with residual magic.
You feel a strange surge of energy! The adder misses you.
Aim: an adder (heavily wounded)
The magic dart hits the adder.
The adder bites you but does no damage. The adder barely misses you.
Aim: an adder (severely wounded)
The magic dart hits the adder.
The adder closely misses you.
Aim: an adder (almost dead)
The magic dart hits the adder but does no damage.
You feel sick. The adder bites you but does no damage.
You hit the adder but do no damage. The adder barely misses you.
The adder closely misses you.
You closely miss the adder. The adder bites you but does no damage.
You closely miss the adder. The adder closely misses you.
The adder barely misses you.
Aim: an adder (almost dead)
You miscast Magic Dart.
Sparks fly from your hands!
You feel sick. The adder bites you.
* * * LOW HITPOINT WARNING * * *
You miss the adder. The adder bites you but does no damage.
You barely miss the adder. The adder misses you. The adder bites you.
* * * LOW HITPOINT WARNING * * *
You hit the adder but do no damage. The adder closely misses you.
You miss the adder.
You feel sick.
You are no longer poisoned.
The adder bites you.
* * * LOW HITPOINT WARNING * * *
The adder barely misses you.
You completely miss the adder. The adder bites you.
You die...

#....#.......#.......#
##...#......>#........
#...#.......######...
#....................
##................#...
#..........##.....#...
#.##...###.##.....#...
#.##...###.##.........
#....@..............##
####.S.....#......#.##
#.................#
####....######....#
##..............
#..#...........
####....(.........
####....##.........#.
#)...####...#########


You could see an adder.

Vanquished Creatures
  4 hobgoblins (D:1)
  A quokka (D:1)
  6 frilled lizards (D:1)
  4 goblins (D:1)
  4 kobolds
  2 rats (D:1)
21 creatures vanquished.

Notes
Turn   | Place    | Note
-------+----------+-------------------------------------------
     0 | D:1      | MalarOregon the Merfolk Wizard began the quest for the Orb.
     0 | D:1      | Reached XP level 1. HP: 13/13 MP: 4/4
   257 | D:1      | Reached skill level 1 in Conjurations
   550 | D:1      | Reached XP level 2. HP: 18/19 MP: 0/6
  1146 | D:2      | Found a shimmering altar of Xom.
  1367 | D:1      | Slain by an adder

Skill      XL: |  1 |
---------------+----+-----
Conjurations   | 1 |  1.6
Dodging        | |  2.6
Stealth        | |  2.1
Spellcasting   | |  3.4
Summonings     | |  1.0
Translocations | |  0.7

Action                   || total
-------------------------++-------
Melee: Unarmed           ||    11
       Short sword       ||    25
 Cast: Magic Dart        ||    51
 Stab: Sleeping          ||     1
Armor: Robe              ||    14
Dodge: Dodged            ||    29
